 Dungeon Crawl Stone Soup version 0.17.0-28-g6e173f8 (webtiles) character file.

299 gorblad the Stinger (level 6, 0/73 HPs)
             Began as a Naga Venom Mage on Dec 3, 2015.
             Was an Initiate of Sif Muna.
             Slain by ThereIsNoGod's ghost (6 damage)
             ... on level 4 of the Dungeon.
             The game lasted 00:17:56 (4011 turns).

gorblad the Stinger (Naga Venom Mage)               Turns: 4011, Time: 00:17:56

Health: 0/73       AC:  3    Str: 15    XL:     6   Next: 36%
Magic:  12/12      EV: 15    Int: 18    God:    Sif Muna [......]
Gold:   266        SH:  0    Dex: 16    Spells: 4 memorised, 3 levels left

rFire  . . .     SeeInvis +     m - -2 quarterstaff (curse)
rCold  . . .     Clarity  .     a - +0 robe
rNeg   . . .     SustAt   .     (shield currently unavailable)
rPois  +         Gourm    .     (no helmet)
rElec  .         Spirit   .     (no cloak)
rCorr  .         Warding  .     (no gloves)
rMut   .         Stasis   .     (no barding)
MR     .....                    i - amulet of regeneration
Stlth  ..........               (no ring)
                                (no ring)

@: agile, berserking, quick, not resistant to hostile enchantments, extremely
unstealthy
A: see invisible, deformed body, poison resistance, slowness 2, slow metabolism
1, spit poison 2, AC +2
a: Spit Poison, Renounce Religion


You were on level 4 of the Dungeon.
You worshipped Sif Muna.
Sif Muna was noncommittal.
You were hungry.

You visited 1 branch of the dungeon, and saw 4 of its levels.

You collected 266 gold pieces.

Inventory:

Hand Weapons
 k - a +0 short sword
 m - a cursed -2 quarterstaff (weapon)
Armour
 a - a +0 robe (worn)
Jewellery
 i - an amulet of regeneration (around neck)
Wands
 j - a wand of paralysis (12)
Potions
 h - a potion of invisibility
 l - a potion of haste
Books
 b - a Young Poisoner's Handbook

   Spells                             Type                      Level
   a - Sting                          Conjuration/Poison           1
   b - Cure Poison                    Poison                       2
   c - Mephitic Cloud                 Conjuration/Poison/Air       3
   d - Olgreb's Toxic Radiance        Poison                       4
   e - Venom Bolt                     Conjuration/Poison           5
Comestibles
 c - 3 bread rations
 f - 5 fruits
 g - a meat ration


   Skills:
 - Level 1.5 Dodging
 - Level 4.0 Stealth
 - Level 4.0 Spellcasting
 + Level 4.3 Conjurations
 - Level 5.3 Poison Magic


You had 3 spell levels left.
You knew the following spells:

 Your Spells              Type           Power        Failure   Level  Hunger
a - Sting                 Conj/Pois      ###.         1%          1    None
b - Cure Poison           Pois           ###.......   2%          2    ##.....
c - Mephitic Cloud        Conj/Pois/Air  ###.....     14%         3    ###....
d - Olgreb's Toxic Radia  Pois           ###.....     21%         4    ####...


Dungeon Overview and Level Annotations

Branches:
Dungeon (4/15)
 Temple: D:4-7

Altars:
Sif Muna
Vehumet

Annotations:
D:4 ThereIsNoGod's ghost, amateur MiFi


Innate Abilities, Weirdness & Mutations

You cannot wear boots.
Your serpentine skin is tough (AC +2).
You have supernaturally acute eyesight.
Armour fits poorly on your strangely shaped body.
Your system is resistant to poisons.
You cover ground very slowly.
You have a slow metabolism.
You can spit poison.


Message History

It was a potion of agility.
You feel agile all of a sudden. ThereIsNoGod's ghost hits you!
* * * LOW HITPOINT WARNING * * *
Drink which item? (? for menu, Esc to quit)
It was a potion of berserk rage.
A red film seems to cover your vision as you go berserk!
You feel yourself moving faster!
You feel mighty! ThereIsNoGod's ghost misses you.
You are too injured to fight recklessly!
You closely miss ThereIsNoGod's ghost.
ThereIsNoGod's ghost is heavily damaged.
ThereIsNoGod's ghost closely misses you.
You sock ThereIsNoGod's ghost!
ThereIsNoGod's ghost is severely damaged.
ThereIsNoGod's ghost completely misses you.
You closely miss ThereIsNoGod's ghost.
ThereIsNoGod's ghost is severely damaged.
ThereIsNoGod's ghost hits you.
You die...

#. ##. .. #..
....... ..
##.#.....
#.###..#.....
####..#.........
................
.......)†.......
.......@........
.......W........
................
#######.....#...
##........
........#
...!.....#
#.......###
#.#######


You could see ThereIsNoGod's ghost.

Vanquished Creatures
  A scorpion (D:3)
  2 worker ants
  Natasha (twice) (D:2)
  9 adders
  3 oozes
  A worm (D:2)
  A giant gecko (D:3)
  5 giant cockroaches
  7 hobgoblins
  3 jackals (D:3)
  11 kobolds
  A quokka (D:3)
  A ball python (D:1)
  6 bats
  4 giant newts
  9 goblins
  9 rats
75 creatures vanquished.

Notes
Turn   | Place    | Note
--------------------------------------------------------------
     0 | D:1      | gorblad the Naga Venom Mage began the quest for the Orb.
     0 | D:1      | Reached XP level 1. HP: 15/15 MP: 3/3
   411 | D:1      | Reached XP level 2. HP: 19/22 MP: 2/5
  1278 | D:1      | Learned a level 2 spell: Cure Poison
  1408 | D:2      | Reached XP level 3. HP: 28/28 MP: 4/7
  1494 | D:2      | Noticed Natasha
  1503 | D:2      | Killed Natasha
  1864 | D:2      | Reached XP level 4. HP: 28/36 MP: 8/10
  1977 | D:2      | Noticed Natasha
  1981 | D:2      | Killed Natasha
  2291 | D:2      | Found a deep blue altar of Sif Muna.
  2370 | D:2      | Became a worshipper of Sif Muna the Loreminder
  2459 | D:2      | Reached skill level 1 in Conjurations
  2823 | D:2      | Reached XP level 5. HP: 35/42 MP: 8/11
  2994 | D:3      | Found a radiant altar of Vehumet.
  3808 | D:3      | Learned a level 3 spell: Mephitic Cloud
  3813 | D:3      | Learned a level 4 spell: Olgreb's Toxic Radiance
  3821 | D:4      | Reached XP level 6. HP: 43/49 MP: 4/12
  3990 | D:4      | Noticed ThereIsNoGod's ghost (amateur MiFi)
  4011 | D:4      | Slain by ThereIsNoGod's ghost

Action                   |  1- 3 |  4- 6 || total
-------------------------+-------+-------++-------
Melee: Unarmed           |    49 |    12 ||    61
       Quarterstaff      |       |    71 ||    71
 Cast: Sting             |    48 |   105 ||   153
  Use: Scroll            |       |     9 ||     9
       Potion            |       |     5 ||     5
  Eat: Chunk             |     2 |     6 ||     8
